[Event "Team 45 45 League T56"]
[Site "Internet Chess Club"]
[Date "2013.03.08"]
[Round "3"]
[White "chrisgu"]
[Black "Sir-Sinister"]
[Result "1/2-1/2"]
[WhiteElo "2004"]
[BlackElo "1989"]
[Opening "Sicilian: Smith-Morra gambit"]
[ECO "B21"]
[Time "21:02:54"]
[TimeControl "2700+45"]

1. e4 c5 2. d4 cxd4 3. c3 d5 4. exd5 Nf6 5. Bb5+ Bd7 6. Bc4 Bg4 7. Qxd4 Nbd7 8.
Be2 e5 9. dxe6 Bxe6 10. Nf3 Bc5 11. Qd3 O-O 12. O-O Qc7 13. Bg5 Ne5 14. Qc2 Nfg4
15. Nbd2 Nxf2 16. Rxf2 Bxf2+ 17. Kxf2 Ng4+ 18. Kf1 Nxh2+ 19. Nxh2 Qxh2 20. Kf2
Rfe8 21. Nf3 Qc7 22. Rh1 h6 23. Be3 a6 24. Bd4 Rad8 25. Qd2 Bxa2 26. Bd3 Bc4 27.
Bxc4 Qxc4 28. Rh3 Qc7 29. Rg3 f6 30. Rg6 Kf8 31. Qc2 Qf4 32. Qb3 Qf5 33. Rg3 Qd5
34. Qc2 Qe4 35. Qb3 Qd5 36. Qb4+ Kf7 37. Qb6 Rd6 38. Qc7+ Rd7 39. Qf4 Re4 40.
Qb8 Rd8 41. Qc7+ Rd7 42. Qc8 Rd8 43. Qc7+ Rd7 44. Qb6 Rd6 45. Qc7+ Rd7 {Game
drawn by repetition} 1/2-1/2

[Event "Team 45 45 League T56"]
[Site "Internet Chess Club"]
[Date "2013.03.09"]
[Round "3"]
[White "jrobic7"]
[Black "Sqboy13"]
[Result "0-1"]
[WhiteElo "1827"]
[BlackElo "1910"]
[Opening "Sicilian: dragon, Yugoslav attack, 9.Bc4"]
[ECO "B77"]
[Time "18:30:14"]
[TimeControl "2700+45"]

1. e4 c5 2. Nf3 Nc6 3. d4 cxd4 4. Nxd4 d6 5. Nc3 Nf6 6. Bc4 g6 7. Be3 Bg7 8. f3
O-O 9. Qd2 Nd7 10. O-O-O Nb6 11. Bb3 Na5 12. Bg5 Nbc4 13. Qe2 Nxb3+ 14. axb3 Qa5
15. Qxc4 Qxg5+ 16. Kb1 Qxg2 17. f4 Qf2 18. Rhf1 Qxh2 19. f5 Qe5 20. fxg6 hxg6
21. Nd5 Bg4 22. Rd2 Rac8 23. Qb4 Qxe4 24. Qxb7 Rfe8 25. Nc6 Kf8 26. Ncxe7 Rxe7
27. Nxe7 Qxb7 {White resigns} 0-1

[Event "Team 45 45 League T56"]
[Site "Internet Chess Club"]
[Date "2013.03.12"]
[Round "3"]
[White "JustinL"]
[Black "bahamapapa"]
[Result "1/2-1/2"]
[WhiteElo "1855"]
[BlackElo "1826"]
[Opening "Robatsch (modern) defense"]
[ECO "B06"]
[Time "10:00:08"]
[TimeControl "2700+45"]

1. e4 g6 2. d4 Bg7 3. c4 Nc6 4. Nf3 d6 5. Nc3 e5 6. d5 Nce7 7. Be2 h6 8. b4 f5
9. Bb2 Nf6 10. Bd3 O-O 11. Qb3 f4 12. c5 Kh7 13. O-O-O g5 14. h3 Nd7 15. cxd6
cxd6 16. Kb1 a5 17. Ba3 axb4 18. Bxb4 Nf6 19. Nb5 Ne8 20. a4 Ng6 21. Rc1 Rf7 22.
Qa3 Bf8 23. Rc2 Bd7 24. Qb3 Bxb5 25. Bxb5 Qb6 26. Bc4 Nc7 27. a5 Qa7 28. Rhc1 b6
29. Ra2 bxa5 30. Rxa5 Qb7 31. Rxa8 Qxa8 32. Rc2 Qb8 33. Rb2 Ne8 34. Ba3 Qa7 35.
Ka2 Rc7 36. Bb5 Nf6 37. Bd3 Nh8 38. Qb8 Be7 39. Nd2 Nf7 40. Nc4 Kg7 41. f3 Nd7
42. Qxa7 Rxa7 43. Nb6 Nc5 44. Bb5 Bd8 45. Bc6 Bxb6 46. Rxb6 Kf6 47. Bb5 Ke7 48.
Kb2 Na4+ 49. Bxa4 Rxa4 50. Rb7+ Kf6 51. Rd7 Ra6 52. Kb3 h5 53. Bb4 Rb6 54. Ka4
Ra6+ 55. Ba5 g4 56. hxg4 hxg4 57. Kb5 gxf3 58. gxf3 Ra8 59. Bb4 Rb8+ 60. Ka5
Ra8+ 61. Kb5 Rb8+ 62. Kc4 Rb6 63. Rc7 Ng5 64. Ba5 Rb8 65. Rd7 Nxf3 66. Rxd6+ Ke7
67. Re6+ Kd7 68. Bc3 Re8 69. Rxe8 Kxe8 70. d6 Kd7 71. Kd5 Ng5 72. Bxe5 f3 73.
Bg3 f2 74. Bxf2 Nxe4 75. Kxe4 Kxd6 {Game drawn because neither player has mating
material} 1/2-1/2

[Event "Team 45 45 League T56"]
[Site "Internet Chess Club"]
[Date "2013.03.09"]
[Round "3"]
[White "scottk74"]
[Black "TerryMalloy"]
[Result "0-1"]
[WhiteElo "1655"]
[BlackElo "2077"]
[Opening "Sicilian"]
[ECO "B50"]
[Time "07:10:18"]
[TimeControl "2700+45"]

1. e4 c5 2. Nf3 d6 3. Bd3 Nc6 4. c3 Nf6 5. Bc2 Bg4 6. d3 e6 7. O-O Be7 8. Re1
O-O 9. Nbd2 d5 10. e5 Nd7 11. h3 Bh5 12. g4 Bg6 13. Nf1 Qc7 14. Bf4 b5 15. Rc1
a5 16. d4 Bxc2 17. Rxc2 Rfc8 18. Qe2 Qb6 19. dxc5 Bxc5 20. Be3 b4 21. Bxc5 Nxc5
22. N1d2 bxc3 23. bxc3 Nd7 24. Nb3 a4 25. Nbd4 a3 26. Rd1 Na5 27. Nd2 Rab8 28.
Kg2 Nc4 29. f4 Nb2 30. Rf1 Qxd4 31. Rxb2 Qxc3 32. Rxb8 Rxb8 33. Nb3 Nc5 34. Rc1
Qxc1 35. Nxc1 Rb2 36. Kf2 Kf8 37. Ke3 Rxe2+ 38. Nxe2 Ke7 39. Kd4 Ne4 40. Nc3 Nf2
41. Nb5 Nxh3 42. Nxa3 Nxf4 43. Nb5 Kd7 44. a4 Kc6 45. Nc3 Kb6 46. Nb5 h5 47.
gxh5 Nxh5 48. Nd6 f5 49. exf6 gxf6 50. Kc3 f5 51. Kd4 f4 52. Nf7 Ka5 53. Ke5 f3
{White resigns} 0-1

[Event "Team 45 45 League T56"]
[Site "Internet Chess Club"]
[Date "2013.03.08"]
[Round "3"]
[White "matein7"]
[Black "byebyebadman"]
[Result "1/2-1/2"]
[WhiteElo "1783"]
[BlackElo "1865"]
[Opening "Benkö gambit accepted"]
[ECO "A58"]
[Time "16:06:57"]
[TimeControl "2700+45"]

1. d4 Nf6 2. c4 c5 3. d5 b5 4. cxb5 a6 5. bxa6 g6 6. Nc3 Bxa6 7. e4 Bxf1 8. Kxf1
d6 9. f4 Nbd7 10. Nf3 Qc7 11. e5 dxe5 12. fxe5 Ng4 13. e6 Nde5 14. Bf4 f6 15.
Ne4 g5 16. Nxe5 Nxe5 17. d6 Qc6 18. d7+ Kd8 19. Nxg5 fxg5 20. Bxe5 Rg8 21. Qf3
Qxf3+ 22. gxf3 Rg6 23. f4 Rxe6 24. Rg1 Kxd7 25. Rd1+ Kc6 26. Rxg5 Rg6 27. a3 Ra4
28. Rd3 Bh6 29. Rxg6+ hxg6 30. Rh3 Bxf4 31. Bc3 g5 {Game drawn by mutual
agreement} 1/2-1/2

[Event "Team 45 45 League T56"]
[Site "Internet Chess Club"]
[Date "2013.03.09"]
[Round "3"]
[White "Gorongonde"]
[Black "Buford-Julep"]
[Result "0-1"]
[WhiteElo "1677"]
[BlackElo "1715"]
[Opening "French: King's Indian attack"]
[ECO "C00"]
[Time "14:10:34"]
[TimeControl "2700+45"]

1. e4 e6 2. d3 d5 3. Nd2 Nf6 4. Qe2 Nc6 5. Ngf3 Bc5 6. c3 dxe4 7. Nxe4 Nxe4 8.
Qxe4 O-O 9. d4 Be7 10. Bd3 f5 11. Qe2 e5 12. Bc4+ Kh8 13. d5 Na5 14. Nxe5 Bf6
15. f4 Bxe5 16. fxe5 Qh4+ 17. g3 Qxc4 18. Qxc4 Nxc4 19. e6 Re8 20. b3 Bxe6 21.
dxe6 Rxe6+ 22. Kf2 Ne5 23. Bd2 Rae8 24. h3 Nd3+ 25. Kf3 Re2 {White resigns} 0-1

[Event "Team 45 45 League T56"]
[Site "Internet Chess Club"]
[Date "2013.03.09"]
[Round "3"]
[White "bondguy01"]
[Black "mongmong"]
[Result "0-1"]
[WhiteElo "1670"]
[BlackElo "1590"]
[Opening "Nimzo-Indian: 4.e3"]
[ECO "E40"]
[Time "16:13:11"]
[TimeControl "2700+45"]

1. d4 e6 2. c4 Nf6 3. Nc3 Bb4 4. e3 Bxc3+ 5. bxc3 c5 6. Bd3 Nc6 7. Ne2 O-O 8.
O-O d6 9. a3 e5 10. d5 Na5 11. Ng3 Qe7 12. Qc2 h6 13. Re1 Ne8 14. e4 b6 15. f4
f6 16. f5 Ba6 17. Qe2 Nb3 18. Rb1 Nxc1 19. Rbxc1 Nc7 20. Rb1 Bc8 21. Nf1 Bd7 22.
Nd2 Rfb8 23. Nf3 a6 24. Nh4 Be8 25. Qg4 b5 26. Ng6 Bxg6 27. Qxg6 Qf7 28. Qg3 Qe8
29. cxb5 axb5 30. Ra1 Ra5 31. Be2 Rba8 32. c4 b4 33. Reb1 Rxa3 34. Rxa3 Rxa3 35.
Qh4 Qa8 36. h3 Ra1 37. Re1 Qa3 38. Qh5 Rxe1+ {White resigns} 0-1

[Event "Team 45 45 League T56"]
[Site "Internet Chess Club"]
[Date "2013.03.10"]
[Round "3"]
[White "room-matt"]
[Black "carokantor"]
[Result "0-1"]
[WhiteElo "1782"]
[BlackElo "2057"]
[Opening "Caro-Kann: Panov-Botvinnik attack, 5...e6"]
[ECO "B14"]
[Time "14:08:31"]
[TimeControl "2700+45"]

1. e4 c6 2. d4 d5 3. exd5 cxd5 4. c4 e6 5. Nc3 Nf6 6. Nf3 Bb4 7. cxd5 Nxd5 8.
Bd2 Nc6 9. Bd3 O-O 10. O-O Be7 11. Qe2 Re8 12. Rad1 b6 13. Nxd5 exd5 14. Rfe1
Bg4 15. Bc3 Bf6 16. Qc2 Rxe1+ 17. Rxe1 Bxf3 18. gxf3 h6 19. Qa4 Rc8 20. Bf5 Rc7
21. f4 g6 22. Bd3 Qd6 23. f5 g5 24. Bb5 Ne7 25. Bd3 Qf4 26. Qe8+ Kg7 27. Qd8 Ng6
28. Qe8 Qg4+ 29. Kh1 Nh4 30. Bf1 Qf3+ 31. Kg1 Qxf5 32. Re3 Nf3+ 33. Kh1 Qf4
{White resigns} 0-1

[Event "Team 45 45 League T56"]
[Site "Internet Chess Club"]
[Date "2013.03.09"]
[Round "3"]
[White "Tobiasdelmonte"]
[Black "tsia68"]
[Result "1-0"]
[WhiteElo "1913"]
[BlackElo "1754"]
[Opening "King's Indian: fianchetto, Panno variation"]
[ECO "E63"]
[Time "15:03:13"]
[TimeControl "2700+45"]

1. d4 Nf6 2. g3 g6 3. Bg2 Bg7 4. Nf3 O-O 5. O-O d6 6. c4 Nc6 7. Nc3 a6 8. e4 Bg4
9. Be3 Nd7 10. h3 Bxf3 11. Bxf3 e5 12. d5 Nd4 13. Bg2 c5 14. dxc6 bxc6 15. Ne2
c5 16. Nc3 Nf6 17. Qd2 Qb6 18. b3 Qb4 19. Rfd1 Nd7 20. Rac1 Nf6 21. Bg5 Kh8 22.
Qd3 Qb6 23. Qe3 Rab8 24. Bh6 Qd8 25. Kh2 Nd7 26. Nd5 Nb6 27. Bg5 Nxd5 28. Qxd4
exd4 29. Bxd8 Rfxd8 30. exd5 Re8 31. Re1 Kg8 32. Kg1 Kf8 33. Bf3 Bh6 34. Rxe8+
Rxe8 35. Rd1 a5 36. Kf1 Rb8 37. Rd3 Bg7 38. Bd1 Re8 39. h4 h6 40. h5 g5 41. Bg4
Be5 42. Bf5 Kg7 43. Bd7 Re7 44. Bf5 Re8 45. Rd1 Re7 46. Rb1 Rb7 47. a3 Rb8 48.
Ke2 Kf6 49. Bc2 Ke7 50. Kd3 f5 51. Re1 Kd7 52. Kd2 Rf8 53. Rb1 f4 54. g4 Rb8 55.
Bf5+ Ke7 56. Bc2 Kf6 57. Kd3 Rb6 58. Ke4 Rb8 59. Bd3 Rb6 60. Kf3 Rb8 61. Ke2 Rb6
62. Kd2 Ke7 63. Bg6 Rb8 64. Bf5 Kd8 65. Kc2 Ke7 66. Re1 Kf6 67. Bd7 Rb6 68. Bb5
Rb7 69. Rb1 Kf7 70. b4 cxb4 71. axb4 axb4 72. Rxb4 Ra7 73. Ba4 Kg7 74. Kd3 Kf7
75. Ke4 Kf6 76. f3 Kg7 77. Bb3 Kf6 78. c5 d3 79. c6 d2 80. Kd3 Ra8 81. Kxd2 Rc8
82. Rb7 Ra8 83. c7 Rc8 84. Bc2 {Black resigns} 1-0

[Event "Team 45 45 League T56"]
[Site "Internet Chess Club"]
[Date "2013.03.13"]
[Round "3"]
[White "Ayensa80"]
[Black "vigneshv"]
[Result "1/2-1/2"]
[WhiteElo "1741"]
[BlackElo "1683"]
[Opening "French: Steinitz variation"]
[ECO "C11"]
[Time "17:06:45"]
[TimeControl "2700+45"]

1. e4 e6 2. d4 d5 3. Nc3 Nf6 4. e5 Nfd7 5. Nf3 c5 6. dxc5 Nc6 7. Bf4 Nxc5 8. Qd2
Be7 9. O-O-O O-O 10. h4 Bd7 11. g4 a6 12. Kb1 b5 13. a3 b4 14. axb4 Nxb4 15. Bg5
Bxg5 16. hxg5 Qa5 17. Nd4 Ne4 18. Qe3 Nxc3+ 19. Qxc3 Rfc8 20. Qa3 Qxa3 21. bxa3
Nc6 22. Nxc6 Rxc6 23. Rh3 g6 24. Kc1 Rac8 25. Bd3 Kg7 26. Rdh1 Rh8 27. Kd2 Rb6
28. f4 Bb5 29. Bxb5 Rxb5 30. Rb3 Rc8 31. Rxb5 axb5 32. Rb1 Rc4 33. Rb4 Rxb4 34.
axb4 h5 35. gxh6+ Kxh6 36. Ke3 g5 37. fxg5+ Kxg5 38. Kd4 Kf4 39. Kc5 Kxe5 40.
Kxb5 f5 41. gxf5 exf5 42. Kc6 f4 43. b5 f3 44. b6 f2 45. b7 f1=Q 46. b8=Q+ {Game
drawn by mutual agreement} 1/2-1/2

[Event "Team 45 45 League T56"]
[Site "Internet Chess Club"]
[Date "2013.03.10"]
[Round "3"]
[White "M-Tuzel"]
[Black "Duguesclin"]
[Result "1-0"]
[WhiteElo "1588"]
[BlackElo "1597"]
[Opening "French: Tarrasch, open variation"]
[ECO "C07"]
[Time "08:15:36"]
[TimeControl "2700+45"]

1. e4 e6 2. d4 d5 3. Nd2 c5 4. Ngf3 Nf6 5. e5 Nfd7 6. c3 Nc6 7. Be2 cxd4 8. cxd4
Bb4 9. O-O O-O 10. a3 Be7 11. b4 Qb6 12. Bb2 a5 13. b5 Na7 14. a4 f6 15. Rc1
fxe5 16. dxe5 Qd8 17. Nb3 b6 18. Qd4 Nc5 19. Nxc5 bxc5 20. Qg4 Rb8 21. Rfd1 Nc6
22. bxc6 Rxb2 23. Bb5 Rb4 24. Qh3 Rbf4 25. Rb1 c4 26. Rd4 Bc5 27. Rxf4 Rxf4 28.
Ba6 Bxa6 29. Qxe6+ Kh8 30. c7 Qxc7 31. Qxa6 Rf8 32. e6 h6 33. Qb5 Bb4 34. Qxd5
Rd8 35. Qe5 Qxe5 36. Nxe5 Rc8 37. Rc1 c3 38. e7 Bxe7 39. Ng6+ Kh7 40. Nxe7 Rc4
41. Nd5 c2 42. Kf1 Rd4 43. Nc3 Rc4 44. Rxc2 g5 45. Ke2 Kg6 46. Kd3 Rb4 47. f3 h5
48. Re2 Kf5 49. Re4 Rb2 50. g4+ hxg4 51. fxg4+ Kf6 52. Re2 Rb4 53. Nd5+ {Black
resigns} 1-0

[Event "Team 45 45 League T56"]
[Site "Internet Chess Club"]
[Date "2013.03.08"]
[Round "3"]
[White "Hal2001"]
[Black "mongmong"]
[Result "1/2-1/2"]
[WhiteElo "1618"]
[BlackElo "1569"]
[Opening "French: Two knights variation"]
[ECO "C00"]
[Time "22:00:46"]
[TimeControl "2700+45"]

1. e4 e6 2. Nf3 d5 3. Nc3 Nf6 4. e5 Nfd7 5. d4 c5 6. dxc5 Nc6 7. Bf4 Nxc5 8. Bb5
a6 9. Bxc6+ bxc6 10. Ne2 Bb7 11. Ned4 Nd7 12. Nb3 c5 13. Bd2 a5 14. a4 Qc7 15.
Bf4 h6 16. O-O Nb6 17. Nbd2 Bc6 18. b3 Bd7 19. c3 Be7 20. Re1 Qd8 21. c4 g5 22.
Bg3 g4 23. cxd5 Nxd5 24. Ne4 gxf3 25. Qxf3 Qb6 26. Nd6+ Bxd6 27. exd6 O-O-O 28.
Rac1 f5 29. Be5 Qb4 30. Re3 Kb8 31. Bxh8 Rxh8 32. Re2 Rc8 33. Rec2 Qf4 34. Qxf4
Nxf4 35. Kf1 Nd3 36. Rd1 Nb4 37. Rc4 Na6 38. Rh4 Rh8 39. Rd3 Kb7 40. Ke2 {Game
drawn by mutual agreement} 1/2-1/2

[Event "Team 45 45 League T56"]
[Site "Internet Chess Club"]
[Date "2013.03.08"]
[Round "3"]
[White "Grimsey"]
[Black "MinnArkie"]
[Result "1-0"]
[WhiteElo "1609"]
[BlackElo "1563"]
[Opening "Budapest: Rubinstein variation"]
[ECO "A52"]
[Time "16:00:25"]
[TimeControl "2700+45"]

1. d4 Nf6 2. c4 e5 3. dxe5 Ng4 4. Bf4 Nc6 5. Nf3 Bb4+ 6. Nbd2 Qe7 7. e3 Ngxe5 8.
Nxe5 Nxe5 9. Be2 d6 10. O-O Bxd2 11. Qxd2 O-O 12. Rfd1 b6 13. Qd5 Be6 14. Qd4
Ng6 15. Bg3 Rad8 16. Bf3 f6 17. b3 Ne5 18. Bd5 Bxd5 19. cxd5 Rd7 20. Qa4 a5 21.
Rac1 Rc8 22. Qe4 Nc6 23. Qe6+ Kf8 24. Rxc6 Re8 25. Qxe7+ Rexe7 26. Rdc1 Ke8 27.
Kf1 g5 28. h4 h5 29. Ke2 g4 30. Kd3 f5 31. Bf4 Rg7 32. Bg5 Rdf7 33. Kc4 Rxg5 34.
hxg5 Kd8 35. Kb5 h4 36. g6 Rg7 37. Rxc7 Rxg6 38. Rh7 g3 39. fxg3 Rxg3 40. Rcc7
Rxg2 41. Ra7 Rxa2 42. Ra8# {Black checkmated} 1-0

[Event "Team 45 45 League T56"]
[Site "Internet Chess Club"]
[Date "2013.03.07"]
[Round "3"]
[White "PaulRichard"]
[Black "JohLeb"]
[Result "1-0"]
[WhiteElo "1525"]
[BlackElo "1373"]
[Opening "Sicilian: Canal-Sokolsky (Nimzovich-Rossolimo, Moscow) attack"]
[ECO "B51"]
[Time "13:59:56"]
[TimeControl "2700+45"]

1. e4 c5 2. Nf3 d6 3. Bb5+ Nc6 4. O-O Nf6 5. Re1 a6 6. Bxc6+ bxc6 7. h3 e5 8. d3
Be6 9. Nc3 Be7 10. Ng5 O-O 11. f4 exf4 12. Bxf4 Nd7 13. Qh5 Bxg5 14. Bxg5 f6 15.
Bf4 Ne5 16. Re3 Bf7 17. Qe2 Qd7 18. Rg3 Ng6 19. Be3 Rae8 20. Qf2 Re6 21. Ne2 Qe7
22. Nf4 Nxf4 23. Bxf4 Kh8 24. Be3 d5 25. Bxc5 Qe8 26. Bxf8 Qxf8 27. exd5 cxd5
28. Re3 Qc5 29. Rxe6 Qxf2+ 30. Kxf2 Bxe6 31. Re1 Bf7 32. Re7 Kg8 33. Ra7 g6 34.
Rxa6 Kg7 35. Ra7 f5 36. Ke3 Kf6 37. Rxf7+ Kxf7 38. Kd4 Ke6 39. a4 Kd6 40. b4 h5
41. h4 {Black resigns} 1-0

[Event "Team 45 45 League T56"]
[Site "Internet Chess Club"]
[Date "2013.03.10"]
[Round "3"]
[White "RookCommander1"]
[Black "rhayder"]
[Result "0-1"]
[WhiteElo "1193"]
[BlackElo "1211"]
[Opening "Scotch gambit"]
[ECO "C44"]
[Time "18:03:58"]
[TimeControl "2700+45"]

1. e4 e5 2. Nf3 Nc6 3. d4 exd4 4. Bc4 Bc5 5. c3 dxc3 6. Bxf7+ Kxf7 7. Qd5+ Ke7
8. Qxc5+ d6 9. Qg5+ Nf6 10. O-O Rg8 11. Re1 h6 12. Qg6 Be6 13. e5 dxe5 14. Nxe5
Nxe5 15. Rxe5 Qd1+ 16. Re1 Qxe1# {White checkmated} 0-1

[Event "Team 45 45 League T56"]
[Site "Internet Chess Club"]
[Date "2013.03.07"]
[Round "3"]
[White "Mitochondria"]
[Black "Andressa"]
[Result "1-0"]
[WhiteElo "1475"]
[BlackElo "1428"]
[Opening "QGD"]
[ECO "D51"]
[Time "20:36:45"]
[TimeControl "2700+45"]

1. d4 d5 2. c4 e6 3. Nc3 Nf6 4. Bg5 Nbd7 5. e3 b6 6. Nf3 h6 7. Bh4 Bb7 8. Bd3
Be7 9. O-O O-O 10. Rc1 Ne4 11. Bxe7 Qxe7 12. cxd5 exd5 13. Re1 Ndf6 14. h3 Qb4
15. Qc2 c5 16. a3 Qa5 17. dxc5 Qxc5 18. Nd4 Qd6 19. Qe2 a6 20. Rc2 b5 21. Rec1
Rac8 22. Nf5 Qe5 23. Nd4 Rc5 24. Nf3 Qf5 25. Nxe4 dxe4 26. Rxc5 exd3 27. Rxf5
dxe2 28. Nd4 Be4 29. Rfc5 Nd5 30. f3 Nxe3 31. Nxe2 Bd3 32. Nf4 Bc4 33. Kf2 Re8
34. Re1 g5 35. Rxe3 Rxe3 36. Kxe3 gxf4+ 37. Kxf4 Bf1 38. Kg3 a5 39. h4 Kg7 40.
Kf2 Bc4 41. g3 a4 42. Ke3 Kf6 43. Kd4 Be2 44. Ke3 Bc4 45. Rc6+ Kg7 46. Rxc4 bxc4
47. Kd4 Kf6 48. Kxc4 {Black resigns} 1-0

[Event "Team 45 45 League T56"]
[Site "Internet Chess Club"]
[Date "2013.03.11"]
[Round "3"]
[White "otib2006"]
[Black "Zyme"]
[Result "0-1"]
[WhiteElo "1280"]
[BlackElo "1329"]
[Opening "King's Indian: East Indian defense"]
[ECO "A48"]
[Time "20:30:23"]
[TimeControl "2700+45"]

1. d4 Nf6 2. Nf3 g6 3. e3 Bg7 4. Bd3 O-O 5. O-O Nc6 6. Nbd2 e6 7. Qe2 b6 8. c3
Bb7 9. b4 Nd5 10. a4 Nxc3 11. Qd1 Nxd1 12. Rxd1 Nxb4 13. Ba3 a5 14. Bb5 c6 15.
Bc4 Re8 16. Ne4 d5 17. Bxb4 axb4 18. Ne5 Bxe5 19. dxe5 Qh4 20. Nd6 dxc4 21. Nxb7
Ra7 22. Nd6 Rd8 23. f4 c3 24. Ne4 Rxd1+ 25. Rxd1 Qe7 26. Nf6+ Kh8 27. Ne4 Rd7
28. Rxd7 Qxd7 29. Nd6 b3 {White resigns} 0-1

[Event "Team 45 45 League T56"]
[Site "Internet Chess Club"]
[Date "2013.03.11"]
[Round "3"]
[White "AlPearson"]
[Black "Andaluz"]
[Result "1/2-1/2"]
[WhiteElo "1293"]
[BlackElo "1116"]
[Opening "QGD: 4.Bg5"]
[ECO "D38"]
[Time "12:02:43"]
[TimeControl "2700+45"]

1. d4 Nf6 2. c4 d5 3. Nc3 e6 4. Bg5 Bb4 5. Nf3 h6 6. Bh4 c6 7. e3 Nbd7 8. Be2
Qa5 9. c5 Bxc3+ 10. bxc3 Qxc3+ 11. Nd2 Ne4 12. Rc1 Qxd2+ 13. Qxd2 Nxd2 14. Kxd2
Nf8 15. Rc2 Ng6 16. Bg3 f5 17. h3 f4 18. Bh2 Rf8 19. Bh5 Rf6 20. Bxf4 Ke7 21.
Bd6+ {Game drawn by mutual agreement} 1/2-1/2

[Event "Team 45 45 League T56"]
[Site "Internet Chess Club"]
[Date "2013.03.10"]
[Round "3"]
[White "Invicta-Knight"]
[Black "LiangLiang"]
[Result "0-1"]
[WhiteElo "1467"]
[BlackElo "1704"]
[Opening "Center game: Paulsen attack"]
[ECO "C22"]
[Time "15:00:41"]
[TimeControl "2700+45"]

1. e4 e5 2. d4 exd4 3. Qxd4 Nc6 4. Qe3 d6 5. Nc3 Nf6 6. Bd2 Be7 7. h3 O-O 8.
O-O-O Be6 9. Kb1 a5 10. f4 a4 11. a3 d5 12. exd5 Bxd5 13. Nxd5 Nxd5 14. Qg3 Bh4
15. Qg4 f5 16. Qf3 Nd4 17. Qd3 Bf6 18. Nf3 Nxf3 19. Qxf3 c6 20. Bc4 Kh8 21. g4
Qb6 22. Bc1 Nc3+ 23. Ka1 Nxd1 24. Rxd1 Qc5 25. Ba2 Qxc2 26. gxf5 Qxf5 27. Bb1
Qb5 28. Qe4 g6 29. Rd7 Rg8 30. Rf7 Rae8 31. Qg2 Re2 {White resigns} 0-1

[Event "Team 45 45 League T56"]
[Site "Internet Chess Club"]
[Date "2013.03.17"]
[Round "3"]
[White "almond123"]
[Black "dscvdchk"]
[Result "0-1"]
[WhiteElo "1479"]
[BlackElo "1497"]
[Opening "Scandinavian (center counter) defense"]
[ECO "B01"]
[Time "21:00:29"]
[TimeControl "2700+45"]

1. e4 d5 2. exd5 Qxd5 3. Nc3 Qa5 4. Nf3 Nf6 5. Bc4 Bg4 6. h3 Bh5 7. O-O e6 8.
Be2 Be7 9. Nd4 Bxe2 10. Qxe2 c6 11. d3 Qd8 12. Nb3 O-O 13. Bd2 Nbd7 14. Rad1 Nb6
15. Qf3 Nbd5 16. Nxd5 exd5 17. Qg3 Bd6 18. Qf3 Qc7 19. Bc3 Be7 20. Rfe1 Qd7 21.
Nd4 g6 22. Nb3 Nh5 23. Qe3 Bf6 24. Bxf6 Nxf6 25. Qg5 Kg7 26. Re3 h6 27. Qg3 Rfe8
28. Rde1 Rxe3 29. Rxe3 Re8 30. Rxe8 Qxe8 31. Qc7 Qd7 32. Qxd7 Nxd7 33. Kf1 f5
34. Ke2 Kf6 35. Ke3 b6 36. f4 c5 37. c3 g5 38. g3 g4 39. h4 Ke6 40. h5 Nf6 41.
d4 c4 42. Nd2 Nxh5 43. Kf2 b5 44. b3 Nf6 45. bxc4 bxc4 46. Ke3 Nh5 47. Kf2 Nf6
48. Ke3 h5 49. a3 a6 50. Nb1 Ne4 51. Ke2 Nxg3+ 52. Kf2 h4 53. Kg2 Ne2 54. Kf2
Nxf4 55. Nd2 Nd3+ 56. Kg2 f4 57. Kh2 Nf2 58. Nf1 g3+ 59. Kg2 Kf5 60. a4 a5 61.
Kg1 h3 {White resigns} 0-1

[Event "Team 45 45 League T56"]
[Site "Internet Chess Club"]
[Date "2013.03.09"]
[Round "3"]
[White "BrerRabbit"]
[Black "ilovechess"]
[Result "1/2-1/2"]
[WhiteElo "1455"]
[BlackElo "1547"]
[Opening "King's Indian: London system"]
[ECO "A48"]
[Time "18:31:41"]
[TimeControl "2700+45"]

1. d4 Nf6 2. Nf3 g6 3. Bf4 Bg7 4. e3 O-O 5. h3 d5 6. Be2 Nc6 7. O-O Bf5 8. c4
Be6 9. cxd5 Bxd5 10. Nc3 Be6 11. Ng5 Bf5 12. Rc1 Bd7 13. Nf3 e6 14. Ne5 Nxe5 15.
Bxe5 Bc6 16. Qb3 Rb8 17. Bb5 Bxb5 18. Nxb5 Rc8 19. Nxa7 Ra8 20. Nb5 c6 21. Nd6
Ne8 22. Bxg7 Nxg7 23. Ne4 Qh4 24. Nd2 Qe7 25. a3 Nf5 26. Qc3 Qg5 27. Nf3 Qh5 28.
Qc5 Qh6 29. Qe5 Rad8 30. Rc4 Rd5 31. Qf4 Qh5 32. Qg4 Qh6 33. Qg5 Qxg5 34. Nxg5
Nxe3 35. fxe3 Rxg5 36. Rb4 Rb8 37. Rc1 Rg3 38. Rc3 Kg7 39. Rcb3 b5 40. Rc3 Rb6
41. Rc5 Rxe3 42. Kf2 Re4 43. a4 Kf6 44. axb5 cxb5 45. Rbxb5 Rxb5 46. Rxb5 Rxd4
47. Rb7 Rd2+ 48. Kf3 Rd1 49. b4 Rb1 50. b5 Rb3+ 51. Kf2 Rb2+ 52. Kf3 Kg7 53. b6
Kf6 54. Kg3 Rb5 55. Kf3 Rb3+ 56. Kf2 {Game drawn by mutual agreement} 1/2-1/2

[Event "Team 45 45 League T56"]
[Site "Internet Chess Club"]
[Date "2013.03.10"]
[Round "3"]
[White "LittleButton"]
[Black "Grenadier"]
[Result "1-0"]
[WhiteElo "1793"]
[BlackElo "1691"]
[Opening "Caro-Kann: exchange variation"]
[ECO "B13"]
[Time "09:08:50"]
[TimeControl "2700+45"]

1. e4 c6 2. d4 d5 3. exd5 cxd5 4. Bd3 Nc6 5. c3 Qc7 6. Ne2 e6 7. Bf4 Bd6 8. Bxd6
Qxd6 9. O-O Nf6 10. Nd2 O-O 11. Nf3 e5 12. dxe5 Nxe5 13. Nxe5 Qxe5 14. Nd4 Bg4
15. f3 Bd7 16. Re1 Qd6 17. Qb3 a6 18. Re2 Nh5 19. Re3 Nf4 20. Bf1 Ne6 21. Nf5
Qc5 22. Re1 g6 23. Ng3 b5 24. Kh1 Rfd8 25. Re5 Bc6 26. Ne4 Qb6 27. Nf6+ Kg7 28.
Nxd5 Bxd5 29. Rxd5 Qf2 30. Rb1 Rxd5 31. Qxd5 Rd8 32. Qe5+ Kg8 33. Qe2 Qc5 34.
Rd1 Re8 35. Qd2 Rd8 36. Qe2 Re8 37. Rd4 Qc6 38. Re4 Rd8 39. Re3 Nf4 40. Qe1 Ne6
41. Bd3 Qd5 42. Bc2 Qxa2 43. Re2 Qd5 44. Be4 Qd1 45. g3 Ng5 46. Bb7 Ne6 47. Be4
Qb3 48. Rd2 Re8 49. Bd5 Qa4 50. Qd1 Qa5 51. Bxe6 Rxe6 52. Rd8+ Kg7 53. Qd4+ Rf6
54. Rd6 Qa1+ 55. Kg2 Qxb2+ 56. Kh3 Qc1 57. Qxf6+ Kh6 58. Qf4+ Qxf4 59. gxf4
{Black resigns} 1-0

[Event "Team 45 45 League T56"]
[Site "Internet Chess Club"]
[Date "2013.03.09"]
[Round "3"]
[White "Manch"]
[Black "GoIrish"]
[Result "1-0"]
[WhiteElo "1609"]
[BlackElo "1581"]
[Opening "Alekhine's defense"]
[ECO "B02"]
[Time "13:17:13"]
[TimeControl "2700+45"]

1. e4 Nf6 2. e5 Nd5 3. c4 Nb6 4. Nf3 d6 5. d4 Nc6 6. Be2 dxe5 7. d5 e4 8. dxc6
Qxd1+ 9. Bxd1 exf3 10. Bxf3 Rb8 11. b3 e6 12. O-O Be7 13. Bf4 Bf6 14. Bxc7 Bxa1
15. Bxb8 bxc6 16. Bxc6+ Ke7 17. Bxa7 Nd7 18. Nd2 Bb2 19. Ne4 f5 20. Bxd7 Bxd7
21. Bc5+ Kf7 22. Nd6+ Kf6 23. Rd1 Bc6 24. Bd4+ Bxd4 25. Rxd4 Ke5 26. Rd1 Ra8 27.
Rd2 Ra7 28. c5 Bd5 29. h3 Rc7 30. b4 Ra7 31. b5 Ra5 32. Rb2 Rxa2 33. Rxa2 Bxa2
34. b6 Bd5 35. b7 Bxb7 36. Nxb7 Kd5 37. f4 e5 38. fxe5 Kxe5 39. c6 Ke6 40. Kf2
g5 41. Kf3 h5 42. Kg3 h4+ 43. Kf3 Ke7 44. g3 hxg3 45. Kxg3 f4+ 46. Kf3 Ke6 47.
h4 gxh4 48. Kxf4 h3 49. Kg3 h2 50. Kxh2 Ke7 51. Kg3 Ke6 52. Kf4 Ke7 53. Ke5 Ke8
54. Kd6 Kf8 55. c7 {Black resigns} 1-0

[Event "Team 45 45 League T56"]
[Site "Internet Chess Club"]
[Date "2013.03.09"]
[Round "3"]
[White "BrerRabbit"]
[Black "birk113"]
[Result "0-1"]
[WhiteElo "1450"]
[BlackElo "1511"]
[Opening "King's Indian: London system"]
[ECO "A48"]
[Time "10:03:54"]
[TimeControl "2700+45"]

1. d4 Nf6 2. Nf3 g6 3. Bf4 Bg7 4. e3 O-O 5. h3 d6 6. Bh2 Nbd7 7. Be2 Ne4 8. Nbd2
Nxd2 9. Qxd2 c5 10. c3 a6 11. a4 e5 12. dxe5 dxe5 13. e4 Nf6 14. Qc2 Nd7 15. Rd1
Qe7 16. O-O f5 17. Nd2 Nf6 18. f3 Nh5 19. g4 fxg4 20. fxg4 Nf4 21. Bc4+ Be6 22.
Bxf4 Rxf4 23. Qb3 Bxc4 24. Qxc4+ Kh8 25. Nf3 Raf8 26. Kg2 Qf6 27. Qe2 Qc6 28.
Nd2 Qxa4 29. Rxf4 exf4 30. Kf3 g5 31. Nc4 b5 32. Nb6 Qb3 33. Rd5 b4 34. Rxc5
bxc3 35. Qxa6 cxb2+ 36. Kf2 Bd4+ {White resigns} 0-1